 Dungeon Crawl Stone Soup version 0.25-a0-697-g890751e (webtiles) character file.

Game seed: 13171589358821681325, levelgen mode: deterministic

166 Faca the Skirmisher (level 5, -4/43 HPs)
             Began as a Human Fighter on Apr 1, 2020.
             Killed by nerve-wracking pain
             ... invoked by an orc priest
              (10 damage)
             ... on level 3 of the Dungeon.
             The game lasted 00:06:44 (2271 turns).

Faca the Skirmisher (Human Fighter)                 Turns: 2271, Time: 00:06:45

Health: -4/43      AC:  9    Str: 18    XL:     5   Next: 76%
Magic:  5/5        EV:  7    Int:  8    God:
Gold:   217        SH: 10    Dex: 12    Spells: 4/4 levels left

rFire    . . .     SeeInvis .   a - +1 flail
rCold    . . .     Gourm    .   c - +1 kite shield
rNeg     . . .     Faith    .   b - +0 scale mail
rPois    .         Spirit   .   r - +0 helmet (curse)
rElec    .         Reflect  .   l - +0 cloak
rCorr    .         Harm     .   (no gloves)
MR       .....                  (no boots)
Stlth    ..........             (no amulet)
HPRegen  0.14/turn              (no ring)
MPRegen  0.09/turn              (no ring)

@: no status effects
A: no striking features
a: no special abilities


You were on level 3 of the Dungeon.
You were not hungry.

You visited 1 branch of the dungeon, and saw 3 of its levels.

You collected 217 gold pieces.

Inventory:

Hand Weapons
 a - a +1 flail (weapon)
Armour
 b - a +0 scale mail (worn)
 c - a +1 kite shield (worn)
 l - a +0 cloak (worn)
 r - a cursed +0 helmet (worn)
Scrolls
 k - a scroll of fear
 n - a scroll of remove curse {unknown}
 o - a scroll of fog {unknown}
 p - a scroll of random uselessness {unknown}
Potions
 d - a potion of might
 e - a potion of invisibility
 g - a potion of mutation {unknown}
 h - a potion of degeneration {unknown}
 i - a potion of curing
 j - 3 potions of heal wounds {unknown}
 m - a potion of brilliance {unknown}
 q - a potion of haste {unknown}
Comestibles
 f - 8 rations
 s - 4 chunks of flesh


   Skills:
 + Level 4.7 Fighting
 + Level 4.1 Maces & Flails
 - Level 3.0 Armour
 - Level 3.0 Shields


You had 4 spell levels left.
You didn't know any spells.
Your spell library was empty.

Dungeon Overview and Level Annotations

Branches:
Dungeon (3/15)

Altars:
Ashenzari
Elyvilon


Message History

* * * LOW HITPOINT WARNING * * *
You hit the orc priest.
The orc priest is heavily wounded.
The orc priest hits you.
* * * LOW HITPOINT WARNING * * *
The orc priest barely misses you.
You barely miss the orc priest.
The orc priest is heavily wounded.
The orc priest hits you but does no damage.
You closely miss the orc priest.
The orc priest is heavily wounded.
You block the orc priest's attack.
You sock the orc priest!
The orc priest is almost dead.
You block the orc priest's attack.
You closely miss the orc priest.
The orc priest is almost dead.
The orc priest invokes the aid of Beogh against you.
Pain shoots through your body!
You die...

#.#........#
#.##########
#.# #.# #.#
#.# #.#
#########.#
......o@..#
###########


You could see an orc priest.

Vanquished Creatures
  Crazy Yiuf (D:2)
  An orc wizard (D:3)
  3 gnolls (D:2)
  4 adders
  A dart slug (D:1)
  2 orcs (D:3)
  3 bats
  3 giant cockroaches (D:1)
  8 goblins
  13 hobgoblins
  A ball python (D:3)
  4 frilled lizards
  9 kobolds
  5 rats
58 creatures vanquished.

Notes
Turn   | Place    | Note
-------+----------+-------------------------------------------
     0 | D:1      | Faca the Human Fighter began the quest for the Orb.
     0 | D:1      | Reached XP level 1. HP: 18/18 MP: 1/1
   239 | D:1      | Reached XP level 2. HP: 24/24 MP: 2/2
   300 | D:1      | Reached XP level 3. HP: 13/29 MP: 3/3
   499 | D:1      | Found a shattered altar of Ashenzari,
  1039 | D:2      | Reached XP level 4. HP: 23/37 MP: 4/4
  1111 | D:2      | Found a white marble altar of Elyvilon,
  1346 | D:2      | Found a runed translucent door,
  1347 | D:2      | Noticed Crazy Yiuf
  1356 | D:2      | Killed Crazy Yiuf
  1552 | D:2      | Reached XP level 5. HP: 42/43 MP: 5/5
  2016 | D:3      | Found a shattered altar of Ashenzari,
  2271 | D:3      | Killed from afar by an orc priest

Levels and vault maps discovered:
D:1:      scummos_arrival_forest, layout_basic, ashenzari_altar_1
D:2:      layout_loops_ring, elyvilon_altar_1, uniq_crazy_yiuf_cottage
D:3:      cheibrodos_greedy_goblins, layout_loops_ring, lemuel_crystal_altar,
          first_ration

Skill      XL: |  1  2  3  4  5 |
---------------+----------------+-----
Maces & Flails | 3 4 |  4.1
Fighting       | 4 |  4.7
Armour         | |  3.0
Shields        | |  3.0

Action                   |  1- 3 |  4- 6 || total
-------------------------+-------+-------++-------
Melee: Flail             |    87 |   123 ||   210
  Use: Scroll            |     2 |     5 ||     7
  Eat: Chunk             |     1 |     4 ||     5
Armor: Scale mail        |    37 |    49 ||    86
Dodge: Dodged            |    31 |    35 ||    66
Block: Kite shield       |    53 |    55 ||   108

Table legend:
 A = Non-vault XP
 B = Vault XP
 C = Vault XP percentage of total XP
 D = Non-vault monster count
 E = Vault monster count
 F = Vault count percentage of total count
                 A         B        C        D         E       F
            +---------+---------+-------+---------+---------+-------
      Total |     177 |      61 |  25.6 |      47 |      11 |  19.0
            +---------+---------+-------+---------+---------+-------
        D:1 |      38 |       0 |   0.0 |      21 |       0 |   0.0
        D:2 |      68 |      41 |  37.6 |      13 |       1 |   7.1
        D:3 |      71 |      20 |  22.0 |      13 |      10 |  43.5
            +---------+---------+-------+---------+---------+-------
